 Dungeon Crawl Stone Soup version 0.21-a0-508-gf08a75f (webtiles) character file.

141 Roak the Stinger (level 5, -3/35 HPs)
             Began as a Demonspawn Venom Mage on Nov 28, 2017.
             Was an Initiate of Hepliaklqana.
             Killed by divine providence
             ... invoked by an orc priest
              (13 damage)
             ... on level 3 of the Dungeon on Nov 29, 2017.
             The game lasted 00:27:54 (2623 turns).

Roak the Stinger (Demonspawn Venom Mage)            Turns: 2623, Time: 00:27:54

Health: -3/35      AC:  2    Str:  8    XL:     5   Next: 3%
Magic:  1/8        EV: 17    Int: 17    God:    Hepliaklqana [......]
Gold:   79         SH:  0    Dex: 19    Spells: 2/8 levels left

rFire    . . .     SeeInvis .   n - +0 rapier
rCold    . . .     Gourm    .   (no shield)
rNeg     . . .     Faith    .   a - +0 robe
rPois    .         Spirit   .   (helmet restricted)
rElec    .         Reflect  .   (no cloak)
rCorr    .         Harm     .   (no gloves)
MR       .....                  (no boots)
Stlth    +++.......             (no amulet)
HPRegen  0.11/turn              (no ring)
MPRegen  0.11/turn              (no ring)

@: agile
A: reduced essence, antennae 2, powered by pain 1
a: Recall Ancestor, Ancestor Identity, Renounce Religion


You were on level 3 of the Dungeon.
You worshipped Hepliaklqana.
Hepliaklqana was noncommittal.
You were not hungry.

You visited 1 branch of the dungeon, and saw 3 of its levels.

You collected 79 gold pieces.

Inventory:

Hand Weapons
 g - a +0 mace
 n - a +0 rapier (weapon)
Missiles
 h - 9 poisoned needles
 i - 29 sling bullets
 y - 5 tomahawks (quivered)
Armour
 a - a +0 robe (worn)
 l - +0 fire dragon scales
Scrolls
 e - 11 scrolls of identify {unknown}
 k - a scroll of teleportation {unknown}
 o - a scroll of enchant weapon {unknown}
 p - 2 scrolls of fear {unknown}
 r - a scroll of immolation {unknown}
 t - 3 scrolls of amnesia {unknown}
 x - a scroll of remove curse {unknown}
Potions
 f - a potion of degeneration {unknown}
 j - a potion of curing {unknown}
 m - a potion of invisibility {unknown}
 s - a potion of magic {unknown}
 v - a potion of cancellation {unknown}
 w - a potion of haste {unknown}
 z - a potion of heal wounds {unknown}
Books
 b - a Young Poisoner's Handbook

   Spells                             Type                      Level
   a - Sting                          Conjuration/Poison           1
   b - Poisonous Vapours              Poison/Air                   2
   c - Mephitic Cloud                 Conjuration/Poison/Air       3
   d - Olgreb's Toxic Radiance        Poison                       4
   e - Venom Bolt                     Conjuration/Poison           5
Comestibles
 c - 2 bread rations
 q - 5 chunks of flesh
 u - 6 fruits


   Skills:
 - Level 2.4 Fighting
 - Level 1.7 Dodging
 - Level 1.7 Stealth
 - Level 2.4 Spellcasting
 + Level 2.2 Conjurations
 + Level 1.5 Air Magic
 + Level 3.7 Poison Magic


You had 2 spell levels left.
You knew the following spells:

 Your Spells              Type           Power        Failure   Level  Hunger
a - Sting                 Conj/Pois      ##..         5%          1    #......
b - Poisonous Vapours     Pois/Air       ##....       10%         2    ##.....
c - Mephitic Cloud        Conj/Pois/Air  ##......     21%         3    ###....


Dungeon Overview and Level Annotations

Branches:
Dungeon (3/15)

Altars:
Ashenzari
Dithmenos
Hepliaklqana
Trog
Uskayaw
Yredelemnul


Innate Abilities, Weirdness & Mutations

You have a pair of antennae on your head.
You sometimes gain a little power by taking damage.
Your life essence is reduced to manifest your ancestor. (-10% HP)


Message History

Aiming: Poisonous Vapours
Press: ? - help, Dir - move target cursor, f - orc priest, p - ogre
Aim: an orc priest, wielding a club Poisonous vapours surround the orc priest!
The orc priest is engulfed in poison gas.
The orc priest is poisoned.
Things that are here:
a flail; a leather armour Your magical contamination has completely faded away.
The ogre hits you with a giant club!
* * * LOW HITPOINT WARNING * * *
Cuetlachtli hits the ogre.
The orc priest looks more healthy.
The orc priest hits Cuetlachtli with a club!
Cuetlachtli hits the orc priest.
Cuetlachtli barely misses the orc priest.
A jackal comes into view.
The orc priest invokes the aid of Beogh against you.
Beogh smites you!
You die...

.. #.# #. #.####### #..
###.#...... .###..######.....#
g.............h.##
........####.....###########
....#.#...#..........(.....#
###...###.........o........#
...........#@#####o.).....###
#..#.####.<##.#....Rg...##....
.. #...(.$.....O#######.##..).
. ?..#.#..#.#.### #.##o.).
#...##!#.# #.##.... #..> ?....
#.##.... #..#.....# ###.##....
.......... ..........
.♣.♣.♣♣♣♣♣♣. .##.##....


You could see an orc priest and a jackal.

Vanquished Creatures
  A hound skeleton (D:2)
  2 adders (D:2)
  An ooze (D:1)
  2 worms (D:2)
  2 dart slugs
  5 leopard geckos
  An orc (D:3)
  3 ball pythons (D:2)
  8 bats
  5 giant cockroaches
  5 goblins
  10 hobgoblins
  7 jackals
  6 kobolds
  4 frilled lizards
  7 rats
69 creatures vanquished.

Vanquished Creatures (collateral kills)
  An adder (D:3)
  2 orcs (D:3)
  A jackal (D:2)
  A bat (D:3)
  A rat (D:2)
6 creatures vanquished.

Grand Total: 75 creatures vanquished

Notes
Turn   | Place    | Note
-------+----------+-------------------------------------------
     0 | D:1      | Roak the Demonspawn Venom Mage began the quest for the Orb.
     0 | D:1      | Reached XP level 1. HP: 13/13 MP: 3/3
   151 | D:1      | Gained mutation: You sometimes gain a little power by taking damage. [demonic ancestry]
   151 | D:1      | Reached XP level 2. HP: 20/20 MP: 3/5
   155 | D:1      | Learned a level 2 spell: Poisonous Vapours
   600 | D:1      | Reached skill level 1 in Fighting
   667 | D:1      | Gained mutation: You have a pair of small antennae on your head. [demonic ancestry]
   667 | D:1      | Reached XP level 3. HP: 19/26 MP: 3/6
  1219 | D:2      | Found a basalt altar of Yredelemnul.
  1220 | D:2      | Found a bloodstained altar of Trog.
  1250 | D:2      | Reached skill level 1 in Air Magic
  1493 | D:2      | Found a shattered altar of Ashenzari.
  1493 | D:2      | Found a hide-covered altar of Uskayaw.
  1516 | D:2      | Found a shadowy altar of Dithmenos.
  1551 | D:2      | Reached XP level 4. HP: 28/33 MP: 1/7
  1922 | D:2      | Found a hazy altar of Hepliaklqana.
  1935 | D:2      | Became a worshipper of Hepliaklqana the Forgotten
  2559 | D:3      | Learned a level 3 spell: Mephitic Cloud
  2584 | D:3      | Gained mutation: You have a pair of antennae on your head. [demonic ancestry]
  2584 | D:3      | Reached XP level 5. HP: 35/35 MP: 5/8
  2590 | D:3      | Noticed an ogre
  2623 | D:3      | Killed from afar by an orc priest

Vault maps used:
D:1:      minmay_arrival_open_corners
D:2:      lemuel_round_altar, grunt_temple_overflow_open, first_bread,
          serial_park_tiny_1, st_stairs_11
D:3:      chequers_ecumenical_altar_grove

Skill      XL: |  1  2  3  4 |
---------------+-------------+-----
Fighting       | 1 2 |  2.4
Air Magic      | 1 |  1.5
Conjurations   | 2 |  2.2
Dodging        | |  1.7
Stealth        | |  1.7
Spellcasting   | |  2.4
Poison Magic   | |  3.7

Action                   |  1- 3 |  4- 6 || total
-------------------------+-------+-------++-------
Melee: Unarmed           |     3 |       ||     3
       Mace              |    73 |       ||    73
       Rapier            |     3 |    49 ||    52
Throw: Stone             |    11 |    18 ||    29
       Tomahawk          |       |     3 ||     3
 Cast: Sting             |    23 |     5 ||    28
       Poisonous Vapours |    17 |    28 ||    45
       Mephitic Cloud    |       |     1 ||     1
 Stab: Sleeping          |     2 |       ||     2
  Eat: Chunk             |     4 |     5 ||     9
Armor: Robe              |    16 |    17 ||    33
Dodge: Dodged            |    57 |    32 ||    89

Table legend:
 A = Spawn XP
 B = Non-spawn XP
 C = Spawn XP percentage of total XP
 D = Spawn monster count
 E = Non-spawn monster count
 F = Spawn count percentage of total count
 G = Total turns spent on level
                    A         B        C        D         E        F      G
               +---------+---------+-------+---------+---------+-------+---------
         Total |       0 |     202 |   0.0 |       0 |      75 |   0.0 |  2623
               +---------+---------+-------+---------+---------+-------+---------
           D:1 |       0 |      65 |   0.0 |       0 |      31 |   0.0 |  1366
           D:2 |       0 |     112 |   0.0 |       0 |      38 |   0.0 |  1128
           D:3 |       0 |      25 |   0.0 |       0 |       6 |   0.0 |   129
               +---------+---------+-------+---------+---------+-------+---------
